Bears vs Marlies
Created - May 31, 2022 at 20:44
Goals
|
| Bears |
2 |
1 |
1 |
4 |
| Marlies |
2 |
3 |
0 |
5 |
|
Shots
|
| Bears |
10 |
13 |
13 |
36 |
| Marlies |
13 |
21 |
5 |
39 |
|
1st period
1. Bears , Jake Virtanen 38 (Mike Hoffman 50) at 0:12
2. Bears , Zach Stepan 19 (Jamie McGinn 25, Nicolas Aube-Kubel 30) at 12:42
3. Marlies , Logan Brown 14 (Mathieu Olivier 9) at 17:08
4. Marlies , JT Compher 24 (Neal Pionk 55, Aleksi Saarela 15) at 19:49
Penalties :
Brett Bulmer (Her) for Roughing (Minor) at 8:10
2nd period
5. Marlies , JT Compher 25 (Aleksi Saarela 16) at 0:21
6. Bears , Mike Hoffman 46 (Dylan Gambrell 17) at 4:37
7. Marlies , Aleksi Saarela 23 (Lucas Carlsson 12) at 10:15
8. Marlies , Tyler Bertuzzi 42 (JT Compher 34, Aleksi Saarela 17) at 16:46
Penalties :
No Penalty
3rd period
9. Bears , Mike Hoffman 47 (Dylan Gambrell 18) at 2:19
Penalties :
Nicholas Baptiste (Tor) for Goalie Interference (Minor) at 3:21, Colton Sissons (Tor) for Tripping (Minor) at 9:13, Tyler Benson (Tor) for Hooking (Minor) at 11:58
Goalie Stats
Jake Allen (Her), 34 saves from 39 shots - (0.872), L, 24-25-3, 60:00 minutes
Charlie Lindgren (Tor), 32 saves from 36 shots - (0.889), W, 14-9-2, 60:00 minutes
Players Stats for Bears
Player Name G A P +/- PIM S H SB GA TA FO MP PP MP PK MP
------------------------------------------------------------------------------------
Austin Wuthrich 0 0 0 -2 0 2 1 0 0 0 0/0 11:19 0:11 0:00
Brendan Perlini 0 0 0 -2 0 3 0 0 0 0 1/2 11:18 0:10 0:00
Brett Bulmer 0 0 0 0 2 0 2 0 0 0 0/0 9:18 0:00 0:00
Colby Cave 0 0 0 -2 0 0 0 1 0 0 0/5 11:26 0:18 0:00
Derek Forbort 0 0 0 -2 0 1 2 0 0 0 0/0 17:48 2:15 0:00
Dylan Gambrell 0 2 2 2 0 2 0 1 0 0 18/34 20:38 2:57 0:00
Gianluca Curcuruto 0 0 0 2 0 0 1 1 0 2 0/0 12:08 0:00 0:37
Jake Virtanen 1 0 1 2 0 4 2 0 1 0 1/2 20:45 3:04 0:00
Jamie McGinn 0 1 1 -1 0 0 0 0 0 0 0/1 17:24 2:42 0:46
Joey Laleggia 0 0 0 -1 0 1 1 2 0 0 0/0 30:04 3:42 1:22
Kerby Rychel 0 0 0 0 0 7 1 0 1 2 1/1 10:23 0:00 0:00
Michael Prapavessis 0 0 0 0 0 0 0 0 0 0 0/0 0:00 0:00 0:00
Mike Hoffman 2 1 3 2 0 7 2 0 1 0 0/3 19:33 3:05 0:00
Mikko Vainonen 0 0 0 -2 0 0 1 0 1 0 0/0 15:33 0:00 0:00
Nicolas Aube-Kubel 0 1 1 -1 0 2 0 0 0 0 0/0 18:00 2:42 1:13
Taylor Aronson 0 0 0 -1 0 3 0 2 0 2 0/0 30:04 3:42 1:22
Tommy Vannelli 0 0 0 2 0 1 1 1 0 1 0/0 14:23 2:15 0:37
Vincent Dunn 0 0 0 0 0 0 0 0 0 0 2/6 9:56 0:00 0:46
Zach Stepan 1 0 1 -1 0 3 1 0 0 1 10/20 18:00 2:42 1:13
Players Stats for Marlies
Player Name G A P +/- PIM S H SB GA TA FO MP PP MP PK MP
------------------------------------------------------------------------------------
Aleksi Saarela 1 3 4 2 0 1 1 0 0 0 5/12 17:57 0:48 2:04
Brett Pesce 0 0 0 2 0 2 1 3 2 1 0/0 20:08 0:57 3:05
Colton Sissons 0 0 0 0 2 2 2 0 0 0 6/11 16:13 1:11 2:04
Dennis Gilbert 0 0 0 1 0 1 0 0 0 0 0/0 12:09 0:00 0:00
Haydn Fleury 0 0 0 -2 0 1 0 3 0 0 0/0 27:26 1:02 2:52
Jeff Corbett 0 0 0 2 0 1 2 1 0 0 0/0 20:25 0:57 3:05
Johan Larsson 0 0 0 0 0 1 3 0 0 0 1/1 13:23 0:00 2:03
JT Compher 2 1 3 2 0 4 3 1 0 0 0/0 14:53 0:00 0:00
Linden Vey 0 0 0 0 0 5 3 0 1 0 0/1 15:58 0:48 2:06
Logan Brown 1 0 1 1 0 5 1 0 1 0 1/1 6:29 0:00 0:00
Lucas Carlsson 0 1 1 1 0 0 0 1 0 1 0/0 12:26 0:00 0:00
Mathieu Olivier 0 1 1 1 0 1 0 0 0 0 0/0 6:29 0:00 0:00
Neal Pionk 0 1 1 -2 0 6 2 0 3 1 0/0 27:26 1:02 2:52
Nicholas Baptiste 0 0 0 -2 2 4 4 0 0 1 1/1 18:48 1:11 0:00
Nick Ritchie 0 0 0 -2 0 1 2 2 0 0 1/2 19:08 1:11 0:20
Pavel Zacha 0 0 0 -2 0 2 0 0 0 0 25/44 18:03 0:00 0:32
Tyler Benson 0 0 0 1 2 0 0 0 0 0 1/1 6:39 0:00 0:00
Tyler Bertuzzi 1 0 1 2 0 2 3 0 1 0 0/0 20:00 0:48 2:45
3 Stars
1 - JT Compher (Tor)
2 - Aleksi Saarela (Tor)
3 - Mike Hoffman (Her)
Power Play
Bears - 0 on 3 Attempt(s) - 0.00%
Marlies - 0 on 1 Attempt(s) - 0.00%
Penalty Kill
Bears - 1 on 1 Attempt(s) - 100.00%
- Score 0 goal in Penalty Kill
Marlies - 3 on 3 Attempt(s) - 100.00%
- Score 0 goal in Penalty Kill
Team Stat
Bears - Hits : 15 - Faceoff Wins : 33 - Blocked Shots : 8 - Penalty Minutes : 2
Marlies - Hits : 27 - Faceoff Wins : 41 - Blocked Shots : 11 - Penalty Minutes : 6
Official
Referees : Corey Syvret and Kyle Rehman
Linesman : Steve Barton and Tony Sericolo
Game Notes
No Game Note
Finance
Level 1 -- Attendance: 1865 (93.25%) -- Ticket Income $65,275
Level 2 -- Attendance: 901 (90.10%) -- Ticket Income $13,515
Total Attendance: 2766 (92.20%)
Total Ticket Income: $78,790
Other Income: $3,940
Total Income: $82,730
Bears
5 vs 5 Forward
Center Left Wing Right Wing Time % Phy DF OF
1 Dylan Gambrell Mike Hoffman Jake Virtanen 35 0 1 4
2 Zach Stepan Jamie McGinn Nicolas Aube-Kubel 30 0 2 3
3 Colby Cave Brendan Perlini Austin Wuthrich 20 0 2 3
4 Vincent Dunn Kerby Rychel Brett Bulmer 15 0 2 3
5 vs 5 Defense
Defense Defense Time % Phy DF OF
1 Joey Laleggia Taylor Aronson 40 0 2 3
2 Derek Forbort Mikko Vainonen 30 0 2 3
3 Tommy Vannelli Gianluca Curcuruto 20 0 3 2
4 Joey Laleggia Taylor Aronson 10 0 2 3
PowerPlay Forward
Center Left Wing Right Wing Time % Phy DF OF
1 Dylan Gambrell Mike Hoffman Jake Virtanen 60 0 1 4
2 Zach Stepan Jamie McGinn Nicolas Aube-Kubel 40 0 1 4
PowerPlay Defense
Defense Defense Time % Phy DF OF
1 Joey Laleggia Taylor Aronson 60 0 2 3
2 Derek Forbort Tommy Vannelli 40 0 2 3
Penalty Kill 4 Players Forward
Center Wing Time % Phy DF OF
1 Zach Stepan Nicolas Aube-Kubel 60 0 4 1
2 Vincent Dunn Jamie McGinn 40 0 4 1
Penalty Kill 4 Players Defense
Defense Defense Time % Phy DF OF
1 Joey Laleggia Taylor Aronson 60 0 4 1
2 Gianluca Curcuruto Tommy Vannelli 40 0 4 1
Penalty Kill - 3 Players Forward
Forward Time % Phy DF OF
1 Zach Stepan 60 0 5 0
2 Vincent Dunn 40 0 5 0
Penalty Kill - 3 Players Defense
Defense Defense Time % Phy DF OF
1 Joey Laleggia Taylor Aronson 60 0 5 0
2 Gianluca Curcuruto Michael Prapavessis 40 0 5 0
4 vs 4 Forward
Center Wing Time % Phy DF OF
1 Dylan Gambrell Jake Virtanen 55 0 2 3
2 Zach Stepan Mike Hoffman 45 0 2 3
4 vs 4 Defense
Defense Defense Time % Phy DF OF
1 Joey Laleggia Taylor Aronson 60 0 2 3
2 Gianluca Curcuruto Tommy Vannelli 40 0 2 3
Last Minutes Offensive
Center Left Wing Right Wing Defense Defense
Dylan Gambrell Kerby Rychel Jake Virtanen Joey Laleggia Taylor Aronson
Last Minutes Defensive
Center Left Wing Right Wing Defense Defense
Zach Stepan Kerby Rychel Nicolas Aube-Kubel Joey Laleggia Taylor Aronson
Goaltenders
Starting : Jake Allen
Backup : Magnus Hellberg
Extra Forwards
Normal : Mike Hoffman, Jake Virtanen, Nicolas Aube-Kubel - PP : Mike Hoffman, Jake Virtanen - PK : Jamie McGinn
Extra Defensemen
Normal : Joey Laleggia, Taylor Aronson, Gianluca Curcuruto - PP : Taylor Aronson - PK : Joey Laleggia, Taylor Aronson
Penalty Shots
Brendan Perlini, Mike Hoffman, Jake Virtanen, Nicolas Aube-Kubel, Dylan Gambrell
Scratches
Angelo Esposito (Left Hand Injury), Caleb Jones (Healthy), Emil Johansson (Healthy), Jakob Lilja (Healthy), Jesper Pettersson (Healthy)
Mackenze Stewart (Healthy), Nikolay Prokhorkin (Healthy), Ryan Graves (Healthy), Warren Foegele (Healthy), Logan O'Connor (Healthy)
Nicholas Caamano (Healthy), Jakob Stenqvist (Healthy), Arvid Henrikson (Healthy)
Marlies
5 vs 5 Forward
Center Left Wing Right Wing Time % Phy DF OF
1 Pavel Zacha Nick Ritchie Nicholas Baptiste 40 1 2 2
2 Aleksi Saarela Tyler Bertuzzi JT Compher 30 1 2 2
3 Colton Sissons Johan Larsson Linden Vey 20 1 2 2
4 Logan Brown Tyler Benson Mathieu Olivier 10 1 2 2
5 vs 5 Defense
Defense Defense Time % Phy DF OF
1 Haydn Fleury Neal Pionk 40 1 2 2
2 Brett Pesce Jeff Corbett 30 1 2 2
3 Dennis Gilbert Lucas Carlsson 20 1 2 2
4 Neal Pionk Haydn Fleury 10 1 2 2
PowerPlay Forward
Center Left Wing Right Wing Time % Phy DF OF
1 Colton Sissons Nick Ritchie Nicholas Baptiste 60 1 2 2
2 Aleksi Saarela Tyler Bertuzzi Linden Vey 40 1 2 2
PowerPlay Defense
Defense Defense Time % Phy DF OF
1 Haydn Fleury Neal Pionk 60 1 2 2
2 Brett Pesce Jeff Corbett 40 1 2 2
Penalty Kill 4 Players Forward
Center Wing Time % Phy DF OF
1 Colton Sissons Tyler Bertuzzi 60 1 2 2
2 Aleksi Saarela Linden Vey 40 1 2 2
Penalty Kill 4 Players Defense
Defense Defense Time % Phy DF OF
1 Haydn Fleury Neal Pionk 60 1 2 2
2 Brett Pesce Jeff Corbett 40 1 2 2
Penalty Kill - 3 Players Forward
Forward Time % Phy DF OF
1 Tyler Bertuzzi 60 1 2 2
2 Colton Sissons 40 1 2 2
Penalty Kill - 3 Players Defense
Defense Defense Time % Phy DF OF
1 Haydn Fleury Neal Pionk 60 1 2 2
2 Brett Pesce Jeff Corbett 40 1 2 2
4 vs 4 Forward
Center Wing Time % Phy DF OF
1 Colton Sissons Nick Ritchie 60 1 2 2
2 Aleksi Saarela Tyler Bertuzzi 40 1 2 2
4 vs 4 Defense
Defense Defense Time % Phy DF OF
1 Haydn Fleury Neal Pionk 60 1 2 2
2 Brett Pesce Jeff Corbett 40 1 2 2
Last Minutes Offensive
Center Left Wing Right Wing Defense Defense
Colton Sissons Nick Ritchie Nicholas Baptiste Haydn Fleury Neal Pionk
Last Minutes Defensive
Center Left Wing Right Wing Defense Defense
Colton Sissons Tyler Bertuzzi Linden Vey Haydn Fleury Neal Pionk
Goaltenders
Starting : Charlie Lindgren
Backup : Malcolm Subban
Extra Forwards
Normal : Linden Vey, Logan Brown, Nicholas Baptiste - PP : Linden Vey, JT Compher - PK : Linden Vey
Extra Defensemen
Normal : Lucas Carlsson, Jeff Corbett, Neal Pionk - PP : Lucas Carlsson - PK : Lucas Carlsson, Neal Pionk
Penalty Shots
Colton Sissons, Aleksi Saarela, JT Compher, Linden Vey, Pavel Zacha
Scratches
Brycen Martin (Healthy), Henri Ikonen (Healthy), Jaden Lindo (Healthy), Jakob Forsbacka-Karlsson (Healthy), Radovan Bondra (Healthy)
Simon Bourque (Healthy), Tim Erixon (Strained Right Elbow Injury), Tobias Lindberg (Healthy), Zack MacEwen (Healthy), Otto Koivula (Healthy)
Jamie Phillips (Healthy)
% Time on Ice - Bears
Lines # - Real PCT - Wanted PCT - Time Play
Normal Forward
1 - 33% - 35% - 16:37
2 - 27% - 30% - 13:56
3 - 22% - 20% - 11:08
4 - 18% - 15% - 9:10
Normal Defense
1 - 40% - 40% - 20:09
2 - 33% - 30% - 16:32
3 - 21% - 20% - 10:32
4 - 7% - 10% - 3:38
PP Forward
1 - 55% - 60% - 3:15
2 - 45% - 40% - 2:42
PP Defense
1 - 62% - 60% - 3:42
2 - 38% - 40% - 2:15
PK Forward
1 - 61% - 60% - 1:13
2 - 39% - 40% - 0:46
PK Defense
1 - 69% - 60% - 1:22
2 - 31% - 40% - 0:37
PK3 Forward
1 - 0% - 60%
2 - 0% - 40%
PK3 Defense
1 - 0% - 60%
2 - 0% - 40%
44 Forward
1 - 0% - 55%
2 - 0% - 45%
44 Defense
1 - 0% - 60%
2 - 0% - 40%
Last Minute Offensive - 1:13
Last Minute Defensive - 0:00
Total
Forward - 60:00
Defense - 60:00
|
% Time on Ice - Marlies
Lines # - Real PCT - Wanted PCT - Time Play
Normal Forward
1 - 35% - 40% - 18:02
2 - 30% - 30% - 15:04
3 - 22% - 20% - 11:19
4 - 13% - 10% - 6:29
Normal Defense
1 - 39% - 40% - 20:00
2 - 32% - 30% - 16:06
3 - 24% - 20% - 12:09
4 - 5% - 10% - 2:39
PP Forward
1 - 60% - 60% - 1:11
2 - 40% - 40% - 0:48
PP Defense
1 - 52% - 60% - 1:02
2 - 48% - 40% - 0:57
PK Forward
1 - 89% - 60% - 5:18
2 - 11% - 40% - 0:39
PK Defense
1 - 48% - 60% - 2:52
2 - 52% - 40% - 3:05
PK3 Forward
1 - 0% - 60%
2 - 0% - 40%
PK3 Defense
1 - 0% - 60%
2 - 0% - 40%
44 Forward
1 - 0% - 60%
2 - 0% - 40%
44 Defense
1 - 0% - 60%
2 - 0% - 40%
Last Minute Offensive - 0:00
Last Minute Defensive - 1:10
Total
Forward - 60:00
Defense - 60:00
|
Play-by-Play
1st period
0:01 of 1st period - Nicholas Baptiste wins face-off versus Dylan Gambrell in neutral zone.
0:12 of 1st period - Wrist shot by Jake Virtanen.
0:12 of 1st period - Goal by Jake Virtanen - Bears : 1 - Marlies : 0.
0:13 of 1st period - Zach Stepan wins face-off versus Aleksi Saarela in neutral zone.
0:39 of 1st period - Derek Forbort is hit by Brett Pesce and loses puck.
1:24 of 1st period - Snap shot by Jake Virtanen.
1:24 of 1st period - Stopped by Charlie Lindgren with a rebound.
1:42 of 1st period - Snap shot by Tyler Benson.
1:42 of 1st period - Deflect By Logan Brown.
1:42 of 1st period - Stopped by Jake Allen with a rebound.
2:33 of 1st period - Wrist shot by Brett Bulmer.
2:33 of 1st period - Shot Misses the Net.
2:43 of 1st period - Mikko Vainonen is hit by Logan Brown and loses puck.
3:04 of 1st period - Snap shot by Tyler Bertuzzi.
3:04 of 1st period - Shot Misses the Net.
3:38 of 1st period - Slapshot by Logan Brown.
3:38 of 1st period - Stopped by Jake Allen without a rebound.
3:39 of 1st period - Tyler Benson wins face-off versus Vincent Dunn in Bears zone.
3:52 of 1st period - Tyler Benson is hit by Brett Bulmer and loses puck.
4:53 of 1st period - Snap shot by Linden Vey.
4:53 of 1st period - Stopped by Jake Allen with a rebound.
5:13 of 1st period - Snap shot by Brendan Perlini.
5:13 of 1st period - Shot Misses the Net.
5:15 of 1st period - Slapshot by Derek Forbort.
5:15 of 1st period - Stopped by Charlie Lindgren without a rebound.
5:16 of 1st period - Vincent Dunn wins face-off versus Pavel Zacha in Marlies zone.
5:31 of 1st period - Slapshot by Joey Laleggia.
5:31 of 1st period - Shot Blocked by Brett Pesce.
5:43 of 1st period - JT Compher is hit by Mike Hoffman and loses puck.
5:56 of 1st period - Jake Virtanen is hit by Tyler Bertuzzi and loses puck.
6:07 of 1st period - Snap shot by Mike Hoffman.
6:07 of 1st period - Stopped by Charlie Lindgren without a rebound.
6:08 of 1st period - Zach Stepan wins face-off versus Colton Sissons in Marlies zone.
6:19 of 1st period - Backhand shot by Nicolas Aube-Kubel.
6:19 of 1st period - Stopped by Charlie Lindgren with a rebound.
6:42 of 1st period - Gianluca Curcuruto is hit by Johan Larsson and loses puck.
6:59 of 1st period - Wrist shot by Colton Sissons.
6:59 of 1st period - Shot Misses the Net.
7:01 of 1st period - Snap shot by Linden Vey.
7:01 of 1st period - Shot Misses the Net.
7:03 of 1st period - Slapshot by Brett Pesce.
7:03 of 1st period - Shot Misses the Net.
7:05 of 1st period - Snap shot by Johan Larsson.
7:05 of 1st period - Shot Misses the Net.
7:07 of 1st period - Wrist shot by Jeff Corbett.
7:07 of 1st period - Stopped by Jake Allen with a rebound.
7:09 of 1st period - Slapshot by Brett Pesce.
7:09 of 1st period - Shot Misses the Net.
7:11 of 1st period - Slapshot by Johan Larsson.
7:11 of 1st period - Deflect By Linden Vey.
7:11 of 1st period - Stopped by Jake Allen without a rebound.
7:12 of 1st period - Dylan Gambrell wins face-off versus Pavel Zacha in Bears zone.
7:23 of 1st period - Haydn Fleury is hit by Mike Hoffman and loses puck.
8:08 of 1st period - Snap shot by Logan Brown.
8:08 of 1st period - Shot Misses the Net.
8:10 of 1st period - Minor Penalty to Brett Bulmer for Roughing.
8:11 of 1st period - Zach Stepan wins face-off versus Colton Sissons in Bears zone.
8:26 of 1st period - Snap shot by Nicholas Baptiste.
8:26 of 1st period - Shot Misses the Net.
8:41 of 1st period - Off-side.
8:42 of 1st period - Colton Sissons wins face-off versus Vincent Dunn in neutral zone.
8:52 of 1st period - Snap shot by Nick Ritchie.
8:52 of 1st period - Shot Misses the Net.
8:54 of 1st period - Snap shot by Nick Ritchie.
8:54 of 1st period - Shot Misses the Net.
9:09 of 1st period - Off-side.
9:10 of 1st period - Zach Stepan wins face-off versus Aleksi Saarela in neutral zone.
10:10 of 1st period - Penalty to Brett Bulmer is over, Brett Bulmer is back on ice.
11:04 of 1st period - Brett Pesce is hit by Brett Bulmer and loses puck.
11:13 of 1st period - Slapshot by Taylor Aronson.
11:13 of 1st period - Stopped by Charlie Lindgren without a rebound.
11:14 of 1st period - Aleksi Saarela wins face-off versus Dylan Gambrell in Marlies zone.
11:43 of 1st period - Wrist shot by Zach Stepan.
11:43 of 1st period - Shot Misses the Net.
11:45 of 1st period - Snap shot by Zach Stepan.
11:45 of 1st period - Shot Misses the Net.
12:27 of 1st period - Tyler Bertuzzi is hit by Joey Laleggia and loses puck.
12:36 of 1st period - Snap shot by Jamie McGinn.
12:36 of 1st period - Shot Blocked by JT Compher.
12:38 of 1st period - Wrist shot by Jamie McGinn.
12:38 of 1st period - Shot Misses the Net.
12:40 of 1st period - Snap shot by Zach Stepan.
12:40 of 1st period - Shot Blocked by Haydn Fleury.
12:42 of 1st period - Wrist shot by Zach Stepan.
12:42 of 1st period - Goal by Zach Stepan - Bears : 2 - Marlies : 0.
12:43 of 1st period - Dylan Gambrell wins face-off versus Pavel Zacha in neutral zone.
13:28 of 1st period - Joey Laleggia is hit by Jeff Corbett and loses puck.
13:40 of 1st period - Wrist shot by Brendan Perlini.
13:40 of 1st period - Deflect By Tyler Bertuzzi.
13:40 of 1st period - Shot Misses the Net.
13:40 of 1st period - Puck is out of play.
13:41 of 1st period - Dylan Gambrell wins face-off versus Pavel Zacha in Marlies zone.
13:42 of 1st period - Snap shot by Jake Virtanen.
13:42 of 1st period - Stopped by Charlie Lindgren without a rebound.
13:43 of 1st period - Dylan Gambrell wins face-off versus Pavel Zacha in Marlies zone.
13:54 of 1st period - Slapshot by Dylan Gambrell.
13:54 of 1st period - Shot Blocked by Haydn Fleury.
14:12 of 1st period - Wrist shot by Brendan Perlini.
14:12 of 1st period - Stopped by Charlie Lindgren without a rebound.
14:13 of 1st period - Aleksi Saarela wins face-off versus Colby Cave in Marlies zone.
14:38 of 1st period - Joey Laleggia is hit by Linden Vey and loses puck.
14:45 of 1st period - Snap shot by Colton Sissons.
14:45 of 1st period - Stopped by Jake Allen with a rebound.
14:47 of 1st period - Slapshot by Neal Pionk.
14:47 of 1st period - Stopped by Jake Allen with a rebound.
14:49 of 1st period - Slapshot by Haydn Fleury.
14:49 of 1st period - Stopped by Jake Allen without a rebound.
14:50 of 1st period - Zach Stepan wins face-off versus Pavel Zacha in Bears zone.
15:25 of 1st period - Snap shot by Jake Virtanen.
15:25 of 1st period - Shot Misses the Net.
15:48 of 1st period - Off-side.
15:49 of 1st period - Zach Stepan wins face-off versus Pavel Zacha in neutral zone.
15:51 of 1st period - Off-side.
15:52 of 1st period - Pavel Zacha wins face-off versus Zach Stepan in neutral zone.
16:48 of 1st period - Taylor Aronson is hit by JT Compher and loses puck.
17:06 of 1st period - Wrist shot by Mathieu Olivier.
17:06 of 1st period - Shot Blocked by Taylor Aronson.
17:08 of 1st period - Slapshot by Mathieu Olivier.
17:08 of 1st period - Deflect By Logan Brown.
17:08 of 1st period - Goal by Logan Brown - Bears : 2 - Marlies : 1.
17:09 of 1st period - Pavel Zacha wins face-off versus Mike Hoffman in neutral zone.
17:12 of 1st period - Slapshot by Neal Pionk.
17:12 of 1st period - Deflect By Nick Ritchie.
17:12 of 1st period - Stopped by Jake Allen without a rebound.
17:13 of 1st period - Dylan Gambrell wins face-off versus Pavel Zacha in Bears zone.
17:19 of 1st period - Off-side.
17:20 of 1st period - Pavel Zacha wins face-off versus Dylan Gambrell in neutral zone.
17:30 of 1st period - Off-side.
17:31 of 1st period - Dylan Gambrell wins face-off versus Pavel Zacha in neutral zone.
17:34 of 1st period - Slapshot by Joey Laleggia.
17:34 of 1st period - Stopped by Charlie Lindgren without a rebound.
17:35 of 1st period - Pavel Zacha wins face-off versus Dylan Gambrell in Marlies zone.
17:37 of 1st period - Icing by Nicholas Baptiste.
17:38 of 1st period - Pavel Zacha wins face-off versus Dylan Gambrell in Marlies zone.
17:46 of 1st period - Off-side.
17:47 of 1st period - Dylan Gambrell wins face-off versus Pavel Zacha in neutral zone.
18:43 of 1st period - Taylor Aronson is hit by Johan Larsson and loses puck.
19:10 of 1st period - Icing by Taylor Aronson.
19:11 of 1st period - Pavel Zacha wins face-off versus Colby Cave in Bears zone.
19:16 of 1st period - Snap shot by Nicholas Baptiste.
19:16 of 1st period - Deflect By Pavel Zacha.
19:16 of 1st period - Shot Blocked by Joey Laleggia.
19:16 of 1st period - Puck is out of play.
19:17 of 1st period - Pavel Zacha wins face-off versus Dylan Gambrell in Bears zone.
19:49 of 1st period - Backhand shot by JT Compher.
19:49 of 1st period - Goal by JT Compher - Bears : 2 - Marlies : 2.
19:50 of 1st period - Pavel Zacha wins face-off versus Zach Stepan in neutral zone.
19:53 of 1st period - Slapshot by Neal Pionk.
19:53 of 1st period - Stopped by Jake Allen with a rebound.
19:55 of 1st period - Wrist shot by Pavel Zacha.
19:55 of 1st period - Stopped by Jake Allen with a rebound.
19:57 of 1st period - Snap shot by Nicholas Baptiste.
19:57 of 1st period - Shot Misses the Net.
Goals for this period are 2 for Bears vs 2 for Marlies.
Shots for this period are 10 for Bears vs 13 for Marlies.
2nd period
0:01 of 2nd period - Pavel Zacha wins face-off versus Mike Hoffman in neutral zone.
0:04 of 2nd period - Slapshot by Neal Pionk.
0:04 of 2nd period - Shot Misses the Net.
0:14 of 2nd period - Wrist shot by Nick Ritchie.
0:14 of 2nd period - Shot Blocked by Joey Laleggia.
0:17 of 2nd period - Icing by Jake Virtanen.
0:18 of 2nd period - Aleksi Saarela wins face-off versus Dylan Gambrell in Bears zone.
0:19 of 2nd period - Snap shot by JT Compher.
0:19 of 2nd period - Shot Misses the Net.
0:21 of 2nd period - Snap shot by JT Compher.
0:21 of 2nd period - Goal by JT Compher - Bears : 2 - Marlies : 3.
0:22 of 2nd period - Zach Stepan wins face-off versus Pavel Zacha in neutral zone.
0:29 of 2nd period - Snap shot by Zach Stepan.
0:29 of 2nd period - Shot Misses the Net.
0:47 of 2nd period - Snap shot by JT Compher.
0:47 of 2nd period - Stopped by Jake Allen with a rebound.
0:57 of 2nd period - Slapshot by Aleksi Saarela.
0:57 of 2nd period - Shot Misses the Net.
1:21 of 2nd period - Snap shot by Kerby Rychel.
1:21 of 2nd period - Stopped by Charlie Lindgren with a rebound.
1:31 of 2nd period - Linden Vey is hit by Gianluca Curcuruto and loses puck.
1:55 of 2nd period - Slapshot by Colton Sissons.
1:55 of 2nd period - Stopped by Jake Allen without a rebound.
1:56 of 2nd period - Dylan Gambrell wins face-off versus Pavel Zacha in Bears zone.
2:21 of 2nd period - Mikko Vainonen is hit by Tyler Bertuzzi and loses puck.
2:32 of 2nd period - Snap shot by JT Compher.
2:32 of 2nd period - Shot Misses the Net.
3:14 of 2nd period - Slapshot by Nicholas Baptiste.
3:14 of 2nd period - Stopped by Jake Allen with a rebound.
3:46 of 2nd period - Off-side.
3:47 of 2nd period - Pavel Zacha wins face-off versus Colby Cave in neutral zone.
3:50 of 2nd period - Wrist shot by Pavel Zacha.
3:50 of 2nd period - Stopped by Jake Allen with a rebound.
4:27 of 2nd period - Icing by Lucas Carlsson.
4:28 of 2nd period - Dylan Gambrell wins face-off versus Aleksi Saarela in Marlies zone.
4:29 of 2nd period - Snap shot by Mike Hoffman.
4:29 of 2nd period - Shot Misses the Net.
4:31 of 2nd period - Slapshot by Dylan Gambrell.
4:31 of 2nd period - Stopped by Charlie Lindgren with a rebound.
4:35 of 2nd period - Wrist shot by Mike Hoffman.
4:35 of 2nd period - Shot Misses the Net.
4:37 of 2nd period - Wrist shot by Mike Hoffman.
4:37 of 2nd period - Goal by Mike Hoffman - Bears : 3 - Marlies : 3.
4:38 of 2nd period - Pavel Zacha wins face-off versus Zach Stepan in neutral zone.
5:04 of 2nd period - Mike Hoffman is hit by Johan Larsson and loses puck.
5:34 of 2nd period - Wrist shot by Logan Brown.
5:34 of 2nd period - Stopped by Jake Allen with a rebound.
5:36 of 2nd period - Slapshot by Brett Pesce.
5:36 of 2nd period - Shot Misses the Net.
5:38 of 2nd period - Slapshot by Brett Pesce.
5:38 of 2nd period - Stopped by Jake Allen without a rebound.
5:39 of 2nd period - Logan Brown wins face-off versus Zach Stepan in Bears zone.
6:08 of 2nd period - Slapshot by Mathieu Olivier.
6:08 of 2nd period - Shot Misses the Net.
6:24 of 2nd period - Tommy Vannelli is hit by Nicholas Baptiste and loses puck.
7:34 of 2nd period - Slapshot by Brett Pesce.
7:34 of 2nd period - Deflect By Mikko Vainonen.
7:34 of 2nd period - Stopped by Jake Allen with a rebound.
7:46 of 2nd period - Mike Hoffman is hit by JT Compher and loses puck.
8:32 of 2nd period - Nicolas Aube-Kubel is hit by Nicholas Baptiste and loses puck.
9:19 of 2nd period - JT Compher is hit by Tommy Vannelli and loses puck.
9:40 of 2nd period - Wrist shot by Logan Brown.
9:40 of 2nd period - Stopped by Jake Allen without a rebound.
9:41 of 2nd period - Pavel Zacha wins face-off versus Dylan Gambrell in Bears zone.
10:00 of 2nd period - Nick Ritchie is hit by Mikko Vainonen and loses puck.
10:15 of 2nd period - Snap shot by Aleksi Saarela.
10:15 of 2nd period - Goal by Aleksi Saarela - Bears : 3 - Marlies : 4.
10:16 of 2nd period - Pavel Zacha wins face-off versus Zach Stepan in neutral zone.
11:16 of 2nd period - Colton Sissons is hit by Kerby Rychel.
11:55 of 2nd period - Wrist shot by Logan Brown.
11:55 of 2nd period - Deflect By Mathieu Olivier.
11:55 of 2nd period - Stopped by Jake Allen with a rebound.
12:09 of 2nd period - Wrist shot by Nicolas Aube-Kubel.
12:09 of 2nd period - Shot Misses the Net.
12:11 of 2nd period - Snap shot by Jake Virtanen.
12:11 of 2nd period - Stopped by Charlie Lindgren without a rebound.
12:12 of 2nd period - Dylan Gambrell wins face-off versus Aleksi Saarela in Marlies zone.
12:15 of 2nd period - Snap shot by Mike Hoffman.
12:15 of 2nd period - Stopped by Charlie Lindgren without a rebound.
12:16 of 2nd period - Pavel Zacha wins face-off versus Jake Virtanen in Marlies zone.
12:20 of 2nd period - Off-side.
12:21 of 2nd period - Pavel Zacha wins face-off versus Dylan Gambrell in neutral zone.
13:14 of 2nd period - Icing by Brett Pesce.
13:15 of 2nd period - Nick Ritchie wins face-off versus Zach Stepan in Marlies zone.
13:30 of 2nd period - Snap shot by Nicholas Baptiste.
13:30 of 2nd period - Stopped by Jake Allen without a rebound.
13:31 of 2nd period - Vincent Dunn wins face-off versus Aleksi Saarela in Bears zone.
13:31 of 2nd period - Vincent Dunn is hit by Tyler Bertuzzi.
13:37 of 2nd period - Slapshot by Mikko Vainonen.
13:37 of 2nd period - Shot Misses the Net.
13:45 of 2nd period - Snap shot by Kerby Rychel.
13:45 of 2nd period - Stopped by Charlie Lindgren without a rebound.
13:46 of 2nd period - Zach Stepan wins face-off versus Colton Sissons in Marlies zone.
13:47 of 2nd period - Snap shot by Nicolas Aube-Kubel.
13:47 of 2nd period - Stopped by Charlie Lindgren with a rebound.
13:59 of 2nd period - Slapshot by Linden Vey.
13:59 of 2nd period - Shot Misses the Net.
14:01 of 2nd period - Wrist shot by Linden Vey.
14:01 of 2nd period - Stopped by Jake Allen without a rebound.
14:02 of 2nd period - Dylan Gambrell wins face-off versus Aleksi Saarela in Bears zone.
14:09 of 2nd period - Wrist shot by JT Compher.
14:09 of 2nd period - Shot Misses the Net.
14:11 of 2nd period - Snap shot by Aleksi Saarela.
14:11 of 2nd period - Shot Misses the Net.
14:13 of 2nd period - Slapshot by Neal Pionk.
14:13 of 2nd period - Stopped by Jake Allen with a rebound.
14:15 of 2nd period - Wrist shot by JT Compher.
14:15 of 2nd period - Stopped by Jake Allen with a rebound.
14:17 of 2nd period - Backhand shot by Neal Pionk.
14:17 of 2nd period - Shot Misses the Net.
14:27 of 2nd period - Taylor Aronson is hit by Neal Pionk and loses puck.
14:36 of 2nd period - Jamie McGinn is hit by Nicholas Baptiste and loses puck.
14:51 of 2nd period - Wrist shot by Colton Sissons.
14:51 of 2nd period - Shot Misses the Net.
15:15 of 2nd period - Snap shot by Austin Wuthrich.
15:15 of 2nd period - Stopped by Charlie Lindgren with a rebound.
15:17 of 2nd period - Snap shot by Brendan Perlini.
15:17 of 2nd period - Stopped by Charlie Lindgren without a rebound.
15:18 of 2nd period - Pavel Zacha wins face-off versus Zach Stepan in Marlies zone.
16:10 of 2nd period - Off-side.
16:11 of 2nd period - Pavel Zacha wins face-off versus Zach Stepan in neutral zone.
16:14 of 2nd period - Zach Stepan is hit by Nick Ritchie and loses puck.
16:23 of 2nd period - Snap shot by Joey Laleggia.
16:23 of 2nd period - Shot Blocked by Nick Ritchie.
16:27 of 2nd period - Snap shot by Nicolas Aube-Kubel.
16:27 of 2nd period - Shot Blocked by Haydn Fleury.
16:37 of 2nd period - Colby Cave is hit by Neal Pionk and loses puck.
16:46 of 2nd period - Backhand shot by Tyler Bertuzzi.
16:46 of 2nd period - Goal by Tyler Bertuzzi - Bears : 3 - Marlies : 5.
16:47 of 2nd period - Dylan Gambrell wins face-off versus Pavel Zacha in neutral zone.
16:50 of 2nd period - Wrist shot by Jake Virtanen.
16:50 of 2nd period - Shot Misses the Net.
16:52 of 2nd period - Slapshot by Dylan Gambrell.
16:52 of 2nd period - Stopped by Charlie Lindgren with a rebound.
16:54 of 2nd period - Snap shot by Joey Laleggia.
16:54 of 2nd period - Shot Misses the Net.
16:56 of 2nd period - Slapshot by Taylor Aronson.
16:56 of 2nd period - Stopped by Charlie Lindgren without a rebound.
16:57 of 2nd period - Pavel Zacha wins face-off versus Dylan Gambrell in Marlies zone.
17:18 of 2nd period - Snap shot by Neal Pionk.
17:18 of 2nd period - Stopped by Jake Allen without a rebound.
17:19 of 2nd period - Zach Stepan wins face-off versus Aleksi Saarela in Bears zone.
17:19 of 2nd period - Zach Stepan is hit by Jeff Corbett.
17:45 of 2nd period - Tyler Bertuzzi is hit by Derek Forbort and loses puck.
17:54 of 2nd period - Snap shot by Tyler Bertuzzi.
17:54 of 2nd period - Stopped by Jake Allen without a rebound.
17:55 of 2nd period - Dylan Gambrell wins face-off versus Pavel Zacha in Bears zone.
18:01 of 2nd period - Slapshot by Taylor Aronson.
18:01 of 2nd period - Stopped by Charlie Lindgren with a rebound.
18:03 of 2nd period - Snap shot by Dylan Gambrell.
18:03 of 2nd period - Deflect By Mike Hoffman.
18:03 of 2nd period - Shot Misses the Net.
18:03 of 2nd period - Puck is out of play.
18:04 of 2nd period - Dylan Gambrell wins face-off versus Pavel Zacha in Marlies zone.
18:05 of 2nd period - Wrist shot by Mike Hoffman.
18:05 of 2nd period - Stopped by Charlie Lindgren without a rebound.
18:06 of 2nd period - Pavel Zacha wins face-off versus Jamie McGinn in Marlies zone.
18:13 of 2nd period - Slapshot by Neal Pionk.
18:13 of 2nd period - Stopped by Jake Allen with a rebound.
18:31 of 2nd period - Neal Pionk is hit by Jake Virtanen and loses puck.
19:04 of 2nd period - Off-side.
19:05 of 2nd period - Zach Stepan wins face-off versus Pavel Zacha in neutral zone.
19:08 of 2nd period - Lucas Carlsson is hit by Zach Stepan and loses puck.
19:15 of 2nd period - Wrist shot by Nicholas Baptiste.
19:15 of 2nd period - Stopped by Jake Allen without a rebound.
19:16 of 2nd period - Pavel Zacha wins face-off versus Zach Stepan in Bears zone.
19:19 of 2nd period - Snap shot by Nicholas Baptiste.
19:19 of 2nd period - Stopped by Jake Allen with a rebound.
19:21 of 2nd period - Snap shot by Nicholas Baptiste.
19:21 of 2nd period - Shot Misses the Net.
19:41 of 2nd period - Haydn Fleury is hit by Jake Virtanen and loses puck.
Goals for this period are 1 for Bears vs 3 for Marlies.
Shots for this period are 13 for Bears vs 21 for Marlies.
3rd period
0:01 of 3rd period - Dylan Gambrell wins face-off versus Nick Ritchie in neutral zone.
1:30 of 3rd period - Mike Hoffman is hit by Nick Ritchie and loses puck.
1:39 of 3rd period - Wrist shot by Jake Virtanen.
1:39 of 3rd period - Shot Blocked by Lucas Carlsson.
2:09 of 3rd period - Snap shot by Brendan Perlini.
2:09 of 3rd period - Stopped by Charlie Lindgren with a rebound.
2:11 of 3rd period - Slapshot by Mikko Vainonen.
2:11 of 3rd period - Shot Blocked by Jeff Corbett.
2:13 of 3rd period - Snap shot by Mikko Vainonen.
2:13 of 3rd period - Shot Blocked by Brett Pesce.
2:15 of 3rd period - Snap shot by Colby Cave.
2:15 of 3rd period - Shot Misses the Net.
2:17 of 3rd period - Wrist shot by Colby Cave.
2:17 of 3rd period - Deflect By JT Compher.
2:17 of 3rd period - Shot Misses the Net.
2:17 of 3rd period - Puck is out of play.
2:18 of 3rd period - Dylan Gambrell wins face-off versus Pavel Zacha in Marlies zone.
2:19 of 3rd period - Wrist shot by Mike Hoffman.
2:19 of 3rd period - Deflect By Nick Ritchie.
2:19 of 3rd period - Goal by Mike Hoffman - Bears : 4 - Marlies : 5.
2:20 of 3rd period - Pavel Zacha wins face-off versus Dylan Gambrell in neutral zone.
2:29 of 3rd period - Wrist shot by Nick Ritchie.
2:29 of 3rd period - Shot Blocked by Tommy Vannelli.
3:06 of 3rd period - Slapshot by Tommy Vannelli.
3:06 of 3rd period - Deflect By Linden Vey.
3:06 of 3rd period - Stopped by Charlie Lindgren with a rebound.
3:08 of 3rd period - Slapshot by Gianluca Curcuruto.
3:08 of 3rd period - Shot Misses the Net.
3:10 of 3rd period - Snap shot by Austin Wuthrich.
3:10 of 3rd period - Shot Misses the Net.
3:14 of 3rd period - Snap shot by Austin Wuthrich.
3:14 of 3rd period - Stopped by Charlie Lindgren without a rebound.
3:15 of 3rd period - Dylan Gambrell wins face-off versus Pavel Zacha in Marlies zone.
3:21 of 3rd period - Minor Penalty to Nicholas Baptiste for Goalie Interference.
3:22 of 3rd period - Colton Sissons wins face-off versus Dylan Gambrell in Marlies zone.
5:21 of 3rd period - Penalty to Nicholas Baptiste is over, Nicholas Baptiste is back on ice.
5:44 of 3rd period - Slapshot by Kerby Rychel.
5:44 of 3rd period - Stopped by Charlie Lindgren without a rebound.
5:45 of 3rd period - Pavel Zacha wins face-off versus Brendan Perlini in Marlies zone.
6:10 of 3rd period - Derek Forbort is hit by Linden Vey and loses puck.
6:17 of 3rd period - Slapshot by Johan Larsson.
6:17 of 3rd period - Stopped by Jake Allen with a rebound.
6:19 of 3rd period - Slapshot by Dennis Gilbert.
6:19 of 3rd period - Stopped by Jake Allen without a rebound.
6:20 of 3rd period - Pavel Zacha wins face-off versus Mike Hoffman in Bears zone.
7:07 of 3rd period - Wrist shot by Linden Vey.
7:07 of 3rd period - Stopped by Jake Allen without a rebound.
7:08 of 3rd period - Kerby Rychel wins face-off versus Colton Sissons in Bears zone.
7:13 of 3rd period - Slapshot by Taylor Aronson.
7:13 of 3rd period - Shot Misses the Net.
7:34 of 3rd period - Vincent Dunn is hit by JT Compher and loses puck.
7:41 of 3rd period - Slapshot by JT Compher.
7:41 of 3rd period - Shot Misses the Net.
7:43 of 3rd period - Slapshot by Jeff Corbett.
7:43 of 3rd period - Shot Misses the Net.
8:05 of 3rd period - Slapshot by Mike Hoffman.
8:05 of 3rd period - Stopped by Charlie Lindgren without a rebound.
8:06 of 3rd period - Dylan Gambrell wins face-off versus Pavel Zacha in Marlies zone.
8:31 of 3rd period - Derek Forbort is hit by Aleksi Saarela and loses puck.
8:50 of 3rd period - Slapshot by Neal Pionk.
8:50 of 3rd period - Deflect By Austin Wuthrich.
8:50 of 3rd period - Stopped by Jake Allen without a rebound.
8:51 of 3rd period - Brendan Perlini wins face-off versus Colton Sissons in Bears zone.
8:56 of 3rd period - Brett Pesce is hit by Austin Wuthrich and loses puck.
9:13 of 3rd period - Minor Penalty to Colton Sissons for Tripping.
9:14 of 3rd period - Jake Virtanen wins face-off versus Linden Vey in Marlies zone.
9:17 of 3rd period - Slapshot by Mike Hoffman.
9:17 of 3rd period - Stopped by Charlie Lindgren with a rebound.
9:25 of 3rd period - Snap shot by Mike Hoffman.
9:25 of 3rd period - Shot Misses the Net.
9:27 of 3rd period - Wrist shot by Dylan Gambrell.
9:27 of 3rd period - Shot Misses the Net.
9:45 of 3rd period - Zach Stepan is hit by Linden Vey and loses puck.
11:13 of 3rd period - Penalty to Colton Sissons is over, Colton Sissons is back on ice.
11:17 of 3rd period - Snap shot by Colton Sissons.
11:17 of 3rd period - Shot Blocked by Colby Cave.
11:31 of 3rd period - Colton Sissons is hit by Derek Forbort and loses puck.
11:58 of 3rd period - Minor Penalty to Tyler Benson for Hooking.
11:59 of 3rd period - Colton Sissons wins face-off versus Dylan Gambrell in Marlies zone.
12:22 of 3rd period - Snap shot by Zach Stepan.
12:22 of 3rd period - Stopped by Charlie Lindgren with a rebound.
12:24 of 3rd period - Wrist shot by Tommy Vannelli.
12:24 of 3rd period - Shot Blocked by Brett Pesce.
12:38 of 3rd period - Dylan Gambrell is hit by Colton Sissons and loses puck.
13:58 of 3rd period - Penalty to Tyler Benson is over, Tyler Benson is back on ice.
14:06 of 3rd period - Wrist shot by Kerby Rychel.
14:06 of 3rd period - Stopped by Charlie Lindgren with a rebound.
14:08 of 3rd period - Slapshot by Kerby Rychel.
14:08 of 3rd period - Stopped by Charlie Lindgren without a rebound.
14:09 of 3rd period - Pavel Zacha wins face-off versus Vincent Dunn in Marlies zone.
14:36 of 3rd period - Off-side.
14:37 of 3rd period - Aleksi Saarela wins face-off versus Dylan Gambrell in neutral zone.
14:50 of 3rd period - Snap shot by JT Compher.
14:50 of 3rd period - Shot Misses the Net.
15:07 of 3rd period - Off-side.
15:08 of 3rd period - Johan Larsson wins face-off versus Zach Stepan in neutral zone.
15:13 of 3rd period - Slapshot by Zach Stepan.
15:13 of 3rd period - Stopped by Charlie Lindgren without a rebound.
15:14 of 3rd period - Colton Sissons wins face-off versus Colby Cave in Marlies zone.
16:56 of 3rd period - Wrist shot by Colton Sissons.
16:56 of 3rd period - Deflect By Johan Larsson.
16:56 of 3rd period - Shot Blocked by Gianluca Curcuruto.
16:56 of 3rd period - Puck is out of play.
16:57 of 3rd period - Pavel Zacha wins face-off versus Dylan Gambrell in Bears zone.
17:10 of 3rd period - Snap shot by Nicholas Baptiste.
17:10 of 3rd period - Shot Hit the Post.
17:53 of 3rd period - Wrist shot by Kerby Rychel.
17:53 of 3rd period - Stopped by Charlie Lindgren without a rebound.
17:54 of 3rd period - Aleksi Saarela wins face-off versus Vincent Dunn in Marlies zone.
18:07 of 3rd period - Snap shot by Kerby Rychel.
18:07 of 3rd period - Stopped by Charlie Lindgren without a rebound.
18:08 of 3rd period - Colton Sissons wins face-off versus Colby Cave in Marlies zone.
18:34 of 3rd period - Kerby Rychel is hit by Nicholas Baptiste and loses puck.
18:43 of 3rd period - Wrist shot by Kerby Rychel.
18:43 of 3rd period - Shot Blocked by Nick Ritchie.
18:57 of 3rd period - Kerby Rychel is hit by Colton Sissons and loses puck.
19:26 of 3rd period - Slapshot by Linden Vey.
19:26 of 3rd period - Shot Blocked by Dylan Gambrell.
19:42 of 3rd period - Wrist shot by Linden Vey.
19:42 of 3rd period - Stopped by Jake Allen without a rebound.
19:43 of 3rd period - Gerard Gallant call a timeout for Bears.
19:43 of 3rd period - Colton Sissons wins face-off versus Dylan Gambrell in Bears zone.
19:48 of 3rd period - Wrist shot by Colton Sissons.
19:48 of 3rd period - Shot Misses the Net.
19:50 of 3rd period - Snap shot by Tyler Bertuzzi.
19:50 of 3rd period - Shot Blocked by Taylor Aronson.
19:56 of 3rd period - Snap shot by Linden Vey.
19:56 of 3rd period - Shot Misses the Net.
19:58 of 3rd period - Wrist shot by Colton Sissons.
19:58 of 3rd period - Shot Misses the Net.
Goals for this period are 1 for Bears vs 0 for Marlies.
Shots for this period are 13 for Bears vs 5 for Marlies.